 Dungeon Crawl Stone Soup version 0.19-a0-1568-gdd01aac (webtiles) character file.

221 Amnesiac the Digger (level 5, -1/35 HPs)
             Began as a Mummy Earth Elementalist on Sept 15, 2016.
             Slain by an iguana (13 damage)
             ... on level 3 of the Dungeon.
             The game lasted 00:07:28 (4098 turns).

Amnesiac the Digger (Mummy Earth Elementalist)      Turns: 4098, Time: 00:07:28

Health: -1/35      AC:  2    Str: 12    XL:     5   Next: 65%
Magic:  2/8        EV: 12    Int: 15    God:
Gold:   88         SH:  0    Dex: 12    Spells: 3 memorised, 2 levels left

rFire  x . .     SeeInvis .     g - +0 long sword (flame)
rCold  + . .     Gourm    .     c - +0 robe
rNeg   + + +     Faith    .     (no shield)
rPois  ∞         Spirit   .     (no helmet)
rElec  .         Dismiss  .     (no cloak)
rCorr  .         Reflect  .     (no gloves)
MR     .....     Harm     .     (no boots)
Stlth  ++........               (no amulet)
                                (no ring)
                                (no ring)

@: no status effects
A: no food or potions, fire vulnerability, cold resistance 1, negative energy
resistance 3, torment resistance, unbreathing
a: no special abilities


You were on level 3 of the Dungeon.
You were not hungry.

You visited 2 branches of the dungeon, and saw 5 of its levels.

You collected 88 gold pieces.

Inventory:

Hand Weapons
 g - a +0 long sword of flaming (weapon)
Missiles
 l - 25 stones (quivered)
Armour
 b - a +1 buckler
 c - a +0 robe (worn)
Wands
 i - a wand of flame (32/48)
Scrolls
 a - 2 scrolls of teleportation {unknown}
 e - a scroll of remove curse {unknown}
 f - 2 scrolls of amnesia {unknown}
 h - 2 scrolls of identify {unknown}
 j - a scroll of magic mapping {unknown}
 k - a scroll of enchant weapon {unknown}
 m - a scroll of immolation {unknown}
 n - a scroll of fog {unknown}
Books
 d - a book of Geomancy

   Spells                             Type                      Level
   a - Sandblast                      Earth                        1
   b - Passwall                       Transmutation/Earth          2
   c - Stone Arrow                    Conjuration/Earth            3
   d - Petrify                        Transmutation/Earth          4
   e - Lee's Rapid Deconstruction     Earth                        5


   Skills:
 - Level 1.5 Dodging
 - Level 1.5 Stealth
 + Level 2.2 Spellcasting
 - Level 0.7 Transmutations
 * Level 5.2 Earth Magic


You had 2 spell levels left.
You knew the following spells:

 Your Spells              Type           Power        Failure   Level  Hunger
f - Stone Arrow           Conj/Erth      #.....       24%         3    N/A
v - Passwall              Tmut/Erth      ##........   12%         2    N/A
z - Sandblast             Erth           ###...       2%          1    N/A

Dungeon Overview and Level Annotations

Branches:
Dungeon (4/15)             Temple (1/1) D:4

Altars:
Ashenzari
Cheibriados
Elyvilon
Gozag
Kikubaaqudgha
Makhleb
Nemelex Xobeh
Okawaru
Qazlal
Ru
Uskayaw
Vehumet
Xom
Yredelemnul
Zin

Annotations:
D:2 exclusion: frilled lizard


Innate Abilities, Weirdness & Mutations

You do not eat or drink.
Your flesh is vulnerable to fire.
You are immune to poison.
Your flesh is cold resistant. (rC+)
You are immune to negative energy. (rN+++)
You are immune to unholy pain and torment.
You can survive without breathing.


Message History

You don't have enough magic to cast that spell.
Casting: Stone Arrow
Confirm with . or Enter, or press ? or * to list all spells.
You don't have enough magic to cast that spell.
You hit the iguana. You burn the iguana.
The iguana is almost dead.
The iguana closely misses you.
You closely miss the iguana.
The iguana is almost dead.
The iguana bites you! The iguana bites you.
You hit the iguana but do no damage.
The iguana is almost dead.
The iguana bites you.
You hit the iguana but do no damage.
The iguana is almost dead.
The iguana bites you.
You barely miss the iguana.
The iguana is almost dead.
The iguana bites you. The iguana bites you!
You die...

#.# . #.# .# ###
####.##.##... ..#
#..........# #.#
....s###'###..# #.# ####
#.# #.# #.###.###.###
#<#
#.###_..'........oo..#
....###@###..###o#.###.#
## #l# # #.#.# #h# # #..
#.# #...oo....# ##. #
#.# ##.oo...### . ##.
#.# #.......# .. ###..
#.##.........
........o'........>'
###.K.#(##.........##


You could see an iguana, an orc wizard, 2 orcs and a jackal.

Vanquished Creatures
  A hound (D:4)
  A worker ant (D:3)
  A gnoll (D:2)
  7 adders
  2 oozes
  An adder skeleton (D:4)
  5 worms (D:2)
  2 orcs (D:2)
  6 bats
  3 giant cockroaches
  5 hobgoblins
  9 jackals
  2 quokkas
  4 frilled lizards
  11 goblins
  2 kobolds
  5 rats
67 creatures vanquished.

Notes
Turn   | Place    | Note
-------+----------+-------------------------------------------
     0 | D:1      | Amnesiac the Mummy Earth Elementalist began the quest for the Orb.
     0 | D:1      | Reached XP level 1. HP: 13/13 MP: 3/3
   379 | D:1      | Reached skill level 3 in Earth Magic
   379 | D:1      | Reached XP level 2. HP: 10/19 MP: 0/5
   437 | D:1      | Learned a level 2 spell: Passwall
   519 | D:2      | Found a burning altar of Makhleb.
   519 | D:2      | Found a basalt altar of Yredelemnul.
   583 | D:2      | Reached XP level 3. HP: 23/24 MP: 1/6
  1063 | D:1      | Learned a level 3 spell: Stone Arrow
  1364 | D:1      | Reached skill level 4 in Earth Magic
  1487 | D:2      | Reached XP level 4. HP: 12/30 MP: 0/7
  3009 | D:4      | Reached skill level 5 in Earth Magic
  3009 | D:4      | Reached XP level 5. HP: 35/35 MP: 1/8
  3229 | D:4      | Found a staircase to the Ecumenical Temple.
  3238 | Temple   | Entered the Ecumenical Temple
  3805 | D:2      | Found a shimmering altar of Xom.
  4072 | D:3      | Found a snail-covered altar of Cheibriados.
  4098 | D:3      | Slain by an iguana

Vault maps used:
D:1:      sevenhm_arrival_forest_fort_small_4
D:2:      xom_teletrap_fun, gammafunk_temple_overflow_elements,
          minmay_lizard_king
D:3:      lemuel_doored_altar, first_bread, uniq_sigmund
Temple:   minmay_temple_curvy_loop

Skill      XL: |  1  2  3  4 |
---------------+-------------+-----
Earth Magic    | 3 4 5 |  5.2
Dodging        | |  1.5
Stealth        | |  1.5
Spellcasting   | |  2.2
Transmutations | |  0.7

Action                   |  1- 3 |  4- 6 || total
-------------------------+-------+-------++-------
Melee: Unarmed           |    19 |    23 ||    42
       Long sword        |       |    26 ||    26
 Cast: Sandblast         |    46 |    69 ||   115
       Stone Arrow       |     7 |    14 ||    21
  Use: Scroll            |     1 |       ||     1
Armor: Robe              |    12 |    23 ||    35
Dodge: Dodged            |    56 |    76 ||   132
